 Dungeon Crawl Stone Soup version 0.30-b1-2-g02819fbbbe (webtiles) character file.

Game seed: 2936281394083946392

4 dorian the Insei (level 1, 0/13 HPs)
             Began as an Octopode Transmuter on May 13, 2023.
             Slain by a kobold
             ... wielding a +0 short sword
              (5 damage)
             ... on level 1 of the Dungeon.
             The game lasted 00:00:18 (134 turns).

dorian the Insei (Octopode Transmuter)               Turns: 134, Time: 00:00:19

Health: 0/13       AC:  1    Str:  9    XL:     1   Next: 60%
Magic:  2/3        EV: 10    Int: 15    God:
Gold:   0          SH:  0    Dex: 12    Spells: 3/4 levels left

rFire   . .          .
                       - Unarmed
rCold   . . .        (no shield)
rNeg    . . .        (helmet currently unavailable)
rPois   .            (no amulet)
rElec   .            (no ring)
rCorr   .            (no ring)
SInv    .            (no ring)
Will    .....        (no ring)
Stlth   ++           (no ring)
HPRegen 0.22/turn    (no ring)
MPRegen 0.08/turn    (no ring)
                     (no ring)

%: no passive effects
@: appendages, constricted
A: tentacle spike 3, almost no armour, amphibious, 8 rings, camouflage 1,
gelatinous body 1, (nimble swimmer 1), tentacles
a: End Transformation


You were on level 1 of the Dungeon.
One of your tentacles had grown a beastly spike.
You visited 1 branch of the dungeon, and saw 1 of its levels.

Inventory:

Scrolls
 b - a scroll of silence {unknown}
Potions
 a - a potion of lignification


   Skills:
 + Level 1.1 Fighting
 - Level 2.0 Dodging
 * Level 3.1 Unarmed Combat
 - Level 2.0 Spellcasting
 + Level 2.1 Transmutations


You had 3 spell levels left.
You knew the following spells:

 Your Spells              Type           Power      Damage    Failure   Level
a - Beastly Appendage     Tmut           14%        N/A       10%         1

Your spell library contained the following spells:

 Spells                   Type           Power      Damage    Failure   Level
 Wereblood                Tmut           7%         N/A       14%         2
 Magic Dart               Conj           4%         1d3       22%         1
 Call Imp                 Summ           2%         N/A       32%         2
 Spider Form              Tmut/Pois      4%         N/A       41%         3
 Mephitic Cloud           Conj/Pois/Air  1%         N/A       54%         3
 Ice Form                 Ice/Tmut       4%         N/A       82%         4


Dungeon Overview and Level Annotations

Branches:
Dungeon (1/15)

Altars:


Innate Abilities, Weirdness & Mutations

One of your tentacles has grown a beastly spike.
You cannot wear most types of armour.
You are amphibious.
You can wear up to eight rings at the same time.
Your skin changes colour to match your surroundings (Stealth+).
Your rubbery body absorbs attacks. (AC +1, EV +1)
((You are camouflaged when in or above water. (Stealth+)))
You have tentacles for arms and can constrict up to eight enemies at once.


Message History

You tentacle-slap the rat.
You kill the rat!
No target in view!
Your transformation is almost over.
b - a scroll labelled FEDWAG MUS You see here a rat corpse.
Your tentacle spike disappears.
You see here a rat corpse.
A kobold comes into view. It is wielding a +0 short sword.
The kobold shouts!
You hear a shout!
A ball python comes into view.
There are monsters nearby!
There are monsters nearby!
There are monsters nearby!
There are monsters nearby!
Casting: Beastly Appendage (safe; 10% risk of failure)
Confirm with . or Enter, or press ? or * to list all spells.
One of your tentacles grows a vicious spike.
The ball python hisses angrily.
A kobold comes into view. It is wielding a +0 dagger.
The kobold shouts!
The ball python closely misses you. The ball python grabs you.
The ball python constricts you.
You barely miss the ball python. Your grab misses the ball python.
Your tentacle spike misses the ball python.
You squeeze the ball python.
The ball python is moderately wounded.
The ball python closely misses you. The ball python constricts you.
You tentacle-slap the ball python. Your grab misses the ball python.
You pierce the ball python, but do no damage.
Your squeeze misses the ball python.
The ball python is severely wounded.
The ball python bites you. The ball python constricts you.
The kobold hits you with a +0 short sword.
You closely miss the ball python. Your grab misses the ball python.
Your tentacle spike misses the ball python.
The ball python is severely wounded.
The ball python bites you. The ball python constricts you.
The kobold hits you with a +0 short sword.
You die...

.......<........ #.
................ #.
................ # # ..
................ #.##.#.
###.........###. ...#.
##.......## ## #...
#.......# # #..S##
##.......## ## ###
#K@###.........###.
....#K............†....
...........#...####.##..
..!.....................
#..........#...#########
##§###.....#...# #§.
#.....#...# #≈
#.....#...# #......#####


You could see a ball python and 2 kobolds.

Vanquished Creatures
  2 goblins (D:1)
  A frilled lizard (D:1)
  A rat (D:1)
4 creatures vanquished.

Notes
Turn   | Place    | Note
-------+----------+-------------------------------------------
     0 | D:1      | dorian the Octopode Transmuter began the quest for the Orb.
     0 | D:1      | Reached XP level 1. HP: 13/13 MP: 3/3
   134 | D:1      | Slain by a kobold

Illustrated notes

Levels and vault maps discovered:
D:1:      minmay_arrival_four_circles, layout_basic,
          shapermc_ecumenical_altar_mp_urbaneastern, reono_crystal_passage,
          amcnicky_mini_rare_corridor_liquid

Action                     || total
---------------------------++-------
  Melee: Unarmed           ||     8
         Tentacles         ||     4
         Constrict         ||     2
         Kick              ||     1
   Cast: Beastly Appendage ||     4
   Stab: Sleeping          ||     2
  Dodge: Dodged            ||     4
